 Dungeon Crawl Stone Soup version 0.28.0-43-g3370ac3207 (webtiles) character file.

Game seed: 13678509882079180601

147 Ablot the Grasshopper (level 5, -4/43 HPs)
             Began as a Gnoll Warper on Mar 2, 2022.
             Slain by an ice beast (13 damage)
             ... on level 3 of the Dungeon.
             The game lasted 00:04:04 (2244 turns).

Ablot the Grasshopper (Gnoll Warper)                Turns: 2244, Time: 00:04:05

Health: -4/43      AC:  4    Str: 12    XL:     5   Next: 29%
Magic:  7/12       EV: 13    Int: 12    God:
Gold:   126        SH:  0    Dex: 12    Spells: 12/14 levels left

rFire   . . .      SeeInvis .   a - +0 spear
rCold   . . .      Faith    .   (no shield)
rNeg    . . .      Spirit   .   b - +0 leather armour
rPois   .          Reflect  .   (no helmet)
rElec   .          Harm     .   (no cloak)
rCorr   .          Rampage  .   (no gloves)
Will    .....                   m - +0 pair of boots
Stlth   +.........              (no amulet)
HPRegen 0.14/turn               (no ring)
MPRegen 0.13/turn               (no ring)

@: on blink cooldown
A: fangs 1, strong nose, distributed training
a: no special abilities


You were on level 3 of the Dungeon.
You visited 1 branch of the dungeon, and saw 3 of its levels.

You collected 126 gold pieces.

Inventory:

Hand Weapons
 a - a +0 spear (weapon)
Missiles
 d - 5 boomerangs of dispersal
 f - 45 stones (quivered)
 h - 3 atropa-tipped darts
 s - 22 arrows
 v - 2 throwing nets
Armour
 b - a +0 leather armour (worn)
 m - a +0 pair of boots (worn)
 o - an orb of guile
 p - a +0 buckler
Wands
 r - a wand of iceblast (14)
Scrolls
 c - a scroll of blinking
 e - a scroll of identify {unknown}
 i - a scroll of silence {unknown}
 j - 2 scrolls of fog {unknown}
 k - a scroll of noise {unknown}
 l - a scroll of enchant armour {unknown}
 t - a scroll of teleportation {unknown}
 u - 2 scrolls of immolation {unknown}
Potions
 n - a potion of mutation {unknown}
 q - a potion of degeneration {unknown}


   Skills:
 + Level 4.7 Fighting
 + Level 1.4 Short Blades
 + Level 1.4 Long Blades
 + Level 1.4 Axes
 + Level 1.4 Maces & Flails
 + Level 4.7 Polearms
 + Level 1.4 Staves
 + Level 1.4 Slings
 + Level 1.4 Bows
 + Level 1.4 Crossbows
 + Level 2.9 Throwing
 + Level 2.9 Armour
 + Level 4.7 Dodging
 + Level 1.4 Stealth
 + Level 1.4 Shields
 + Level 1.4 Unarmed Combat
 + Level 5.2 Spellcasting
 + Level 1.1 Conjurations
 + Level 1.1 Hexes
 + Level 1.1 Summonings
 + Level 1.1 Necromancy
 + Level 5.5 Translocations
 + Level 1.1 Transmutations
 + Level 1.1 Fire Magic
 + Level 1.1 Ice Magic
 + Level 1.1 Air Magic
 + Level 1.1 Earth Magic
 + Level 1.1 Poison Magic
 + Level 1.6 Invocations
 + Level 1.4 Evocations


You had 12 spell levels left.
You knew the following spells:

 Your Spells              Type           Power      Damage    Failure   Level
a - Blink                 Tloc           32%        N/A       3%          2

Your spell library contained the following spells:

 Spells                   Type           Power      Damage    Failure   Level
 Gell's Gravitas          Tloc           16%        N/A       8%          3
 Lesser Beckoning         Tloc           16%        N/A       8%          3
 Teleport Other           Tloc           16%        N/A       8%          3
 Passage of Golubria      Tloc           16%        N/A       26%         4
 Manifold Assault         Tloc           16%        N/A       56%         5
 Silence                  Hex/Air        2%         N/A       99%         5
 Lehudib's Crystal Spear  Conj/Erth      2%         10d2      100%        8


Dungeon Overview and Level Annotations

Branches:
Dungeon (3/15)

Altars:

Shops:
D:1 [


Innate Abilities, Weirdness & Mutations

You have very sharp teeth.
Your uncanny sense of smell can sniff out nearby items.
Your experience applies equally to all skills.


Message History

Casting: Blink (safe; 3% risk of failure)
Confirm with . or Enter, or press ? or * to list all spells.
You blink.
Throw: 48 stones
Press: ? - help, Q - select action, (/) - cycle Shift-Dir - straight line, f/p - ice beast
Aim: an ice beast (heavily wounded, 60% to hit)
You throw a stone.
The stone hits the ice beast but does no damage.
The ice beast is heavily wounded.
Throw: 47 stones
Press: ? - help, Q - select action, (/) - cycle Shift-Dir - straight line, f/p - ice beast
Aim: an ice beast (heavily wounded, 60% to hit)
You throw a stone. The stone closely misses the ice beast.
Unknown command.
Throw: 46 stones
Press: ? - help, Q - select action, (/) - cycle Shift-Dir - straight line, f/p - ice beast
Aim: an ice beast (heavily wounded, 60% to hit)
You throw a stone. The stone hits the ice beast.
The ice beast is severely wounded.
Unknown command.
Reach: a) +0 spear
Press: ? - help, Dir - move target, f/p - ice beast
Aim: an ice beast (severely wounded, about 36% to evade your +0 spear)
You barely miss the ice beast.
The ice beast is severely wounded.
You feel stable enough to blink again.
Unknown command.
Casting: Blink (safe; 3% risk of failure)
Confirm with . or Enter, or press ? or * to list all spells.
You blink.
Reach: a) +0 spear
Press: ? - help, Dir - move target, f/p - ice beast
Aim: an ice beast (severely wounded, about 36% to evade your +0 spear)
You reach to attack!
You closely miss the ice beast.
The ice beast is severely wounded.
Unknown command.
The ice beast hits you.
* * * LOW HITPOINT WARNING * * *
The ice beast freezes you!
You die...

#...........#.....####.........#
....#######.#.###..............#
#...###### #.# #............[.#
#.........# #.####.##...........
.....####.# #.<....##.##.......#
.....# #...................
.....# #.........##########
.....########.........#
..............##@..#######.
##............##Y.(#.......
##............##.(.#.......
...........................
...............(...........
...........................
...................).......
...>......................#
...#########..............#


You could see an ice beast.

Vanquished Creatures
  A scorpion (D:2)
  2 gnolls (D:3)
  A worm (D:2)
  3 dart slugs
  3 endoplasms (D:1)
  3 giant cockroaches
  7 goblins
  5 hobgoblins
  7 jackals (D:1)
  2 quokkas
  4 ball pythons
  6 bats
  2 frilled lizards
  3 kobolds (D:2)
  4 rats
53 creatures vanquished.

Notes
Turn   | Place    | Note
-------+----------+-------------------------------------------
     0 | D:1      | Ablot the Gnoll Warper began the quest for the Orb.
     0 | D:1      | Reached XP level 1. HP: 20/20 MP: 6/6
   243 | D:1      | Reached XP level 2. HP: 26/26 MP: 7/7
   258 | D:1      | Learned a level 2 spell: Blink
   524 | D:1      | Found Wacaonink's Armour Boutique.
   593 | D:1      | Reached XP level 3. HP: 21/31 MP: 9/9
   605 | D:1      | Reached skill level 5 in Spellcasting
  1177 | D:1      | Reached skill level 1 in Invocations
  1267 | D:2      | Noticed a scorpion
  1592 | D:2      | Reached skill level 1 in Short Blades
  1592 | D:2      | Reached skill level 1 in Long Blades
  1592 | D:2      | Reached skill level 1 in Axes
  1592 | D:2      | Reached skill level 1 in Maces & Flails
  1592 | D:2      | Reached skill level 1 in Staves
  1592 | D:2      | Reached skill level 1 in Slings
  1592 | D:2      | Reached skill level 1 in Bows
  1592 | D:2      | Reached skill level 1 in Crossbows
  1592 | D:2      | Reached skill level 1 in Stealth
  1592 | D:2      | Reached skill level 1 in Shields
  1592 | D:2      | Reached skill level 1 in Unarmed Combat
  1592 | D:2      | Reached skill level 1 in Evocations
  1698 | D:2      | Killed a scorpion
  1699 | D:2      | Reached skill level 1 in Conjurations
  1699 | D:2      | Reached skill level 1 in Hexes
  1699 | D:2      | Reached skill level 1 in Summonings
  1699 | D:2      | Reached skill level 1 in Necromancy
  1699 | D:2      | Reached skill level 1 in Transmutations
  1699 | D:2      | Reached skill level 1 in Fire Magic
  1699 | D:2      | Reached skill level 1 in Ice Magic
  1699 | D:2      | Reached skill level 1 in Air Magic
  1699 | D:2      | Reached skill level 1 in Earth Magic
  1699 | D:2      | Reached skill level 1 in Poison Magic
  1699 | D:2      | Reached XP level 4. HP: 32/38 MP: 8/11
  1888 | D:3      | Noticed an ice beast
  1942 | D:3      | Reached XP level 5. HP: 40/43 MP: 12/12
  2244 | D:3      | Slain by an ice beast

Illustrated notes

Levels and vault maps discovered:
D:1:      minmay_arrival_arboretum_large, layout_basic, serial_shops,
          nicolae_shop_behind_doors
D:2:      layout_rooms
D:3:      layout_basic, nicolae_kikubaaqudgha_miasma_corner,
          ebering_ecumenical_altar_webs

Skill      XL: |  1  2  3 |
---------------+----------+-----
Spellcasting   | 5 |  5.2
Invocations    | 1 |  1.6
Short Blades   | 1 |  1.4
Long Blades    | 1 |  1.4
Axes           | 1 |  1.4
Maces & Flails | 1 |  1.4
Staves         | 1 |  1.4
Slings         | 1 |  1.4
Bows           | 1 |  1.4
Crossbows      | 1 |  1.4
Stealth        | 1 |  1.4
Shields        | 1 |  1.4
Unarmed Combat | 1 |  1.4
Evocations     | 1 |  1.4
Conjurations   | 1 |  1.1
Hexes          | 1 |  1.1
Summonings     | 1 |  1.1
Necromancy     | 1 |  1.1
Transmutations | 1 |  1.1
Fire Magic     | 1 |  1.1
Ice Magic      | 1 |  1.1
Air Magic      | 1 |  1.1
Earth Magic    | 1 |  1.1
Poison Magic   | 1 |  1.1
Fighting       | |  4.7
Polearms       | |  4.7
Throwing       | |  2.9
Armour         | |  2.9
Dodging        | |  4.7
Translocations | |  5.5

Action                   |  1- 3 |  4- 6 || total
-------------------------+-------+-------++-------
Melee: Spear             |   186 |    58 ||   244
       Bite              |    19 |     7 ||    26
       Punch             |     2 |       ||     2
Throw: Dart              |     2 |     6 ||     8
       Stone             |       |     3 ||     3
 Cast: Blink             |     1 |     3 ||     4
 Stab: Sleeping          |     1 |     1 ||     2
Armor: Leather armour    |    32 |    10 ||    42
Dodge: Dodged            |    97 |    28 ||   125
